 Dungeon Crawl Stone Soup version 0.21-a0-404-g291f19a (webtiles) character file.

804 sagitran the Slasher (level 7, -2/78 HPs)
             Began as a Demonspawn Gladiator on Oct 28, 2017.
             Succumbed to Duvessa's poison
             ... on level 4 of the Dungeon.
             The game lasted 00:20:46 (5225 turns).

sagitran the Slasher (Demonspawn Gladiator)         Turns: 5225, Time: 00:20:47

Health: -2/78      AC: 23    Str: 21    XL:     7   Next: 60%
Magic:  7/7        EV:  2    Int: 10    God:
Gold:   174        SH:  0    Dex: 17    Spells: 6/6 levels left

rFire    + . .     SeeInvis .   a - +1 long sword
rCold    + . .     Gourm    .   (no shield)
rNeg     + + +     Faith    .   (armour currently unavailable)
rPois    +         Spirit   .   (helmet currently unavailable)
rElec    +         Reflect  .   (cloak currently unavailable)
rCorr    +         Harm     .   (gloves currently unavailable)
MR       .....     NoTele   +   (boots currently unavailable)
Stlth    ++........             (no amulet)
HPRegen  0.23/turn              k - +3 ring of dexterity
MPRegen  0.10/turn              (no ring)

@: mighty, lethally poisoned (-2 -> -30), tree-form, resistant
A: no striking features
a: no special abilities


You were on level 4 of the Dungeon.
You were not hungry.
You were a tree.
You visited 1 branch of the dungeon, and saw 4 of its levels.

You collected 174 gold pieces.

Inventory:

Hand Weapons
 a - a +1 long sword (weapon)
Missiles
 d - 2 throwing nets (quivered)
 t - a tomahawk
Armour
 b - a +0 leather armour (melded)
Jewellery
 k - a +3 ring of dexterity (left branch)
Wands
 h - a wand of random effects (10/48)
Scrolls
 i - 2 scrolls of fear {unknown}
 m - a scroll of magic mapping {unknown}
 n - a scroll of teleportation
Comestibles
 f - 2 bread rations
 g - a royal jelly
 l - 4 fruits
 r - a meat ration


   Skills:
 + Level 3.4 Fighting
 + Level 5.0 Long Blades
   Level 0.3 Axes
 + Level 2.0 Throwing
 + Level 2.3 Armour
 + Level 4.0 Dodging
 + Level 1.4 Stealth
 * Level 3.4 Unarmed Combat
 + Level 0.5 Evocations


You had 6 spell levels left.
You didn't know any spells.

Dungeon Overview and Level Annotations

Branches:
Dungeon (4/15)
 Temple: D:4-7

Altars:

Annotations:
D:4 Dowan


Innate Abilities, Weirdness & Mutations

((You have a pair of small antennae on your head.))
((You are partially covered in molten scales. (AC +2)))


Message History

You feel very sick.
Dowan mumbles some strange words.
Dowan blinks!
Dowan casts a spell at you.
Helpless, you fail to dodge the stone arrow.
* * * LOW HITPOINT WARNING * * *
It was a potion of resistance.
You feel protected.
* * * LOW HITPOINT WARNING * * *
You feel very sick.
Sorry, you're not good enough to have a special ability.
You aren't carrying any potions.
As you read the scroll labeled MIVUERYW ASA, it crumbles to dust.
You feel a strange sense of stasis.
It was a scroll of teleportation.
* * * LOW HITPOINT WARNING * * *
You feel sick.
As you read the scroll labeled HOPSEG XYBEWN, it crumbles to dust.
It is a scroll of enchant weapon.
Your +0 long sword glows red for a moment.
You die...

#... ..# #.# #.#
..#### #.### .....#
##...# ...#.#.##.#.# #
#.....# #.#.## .#
#....## #....# #.##
#.#######.#..#####...#
#.........#.....♣e.#
#####........#####...#
####.###.# #### #.#
#.# #.# #.# #.# #.#
#.# #.# #.# #.#
########.###.#


You could see Dowan.

Vanquished Creatures
  Sigmund (D:2)
  Duvessa (D:4)
  A phantom (D:4)
  The ghost of CasualChangeling the Skirmisher, an amateur DrAK of Lugonu (D:3)
  A scorpion (D:4)
  A hound (D:4)
  An orc priest (D:3)
  Natasha (thrice) (D:4)
  2 worker ants (D:4)
  Robin (D:2)
  3 adders
  2 oozes
  An adder skeleton (D:4)
  3 worms
  A dart slug (D:1)
  3 leopard geckos (D:2)
  6 orcs (D:3)
  5 bats
  3 giant cockroaches
  5 hobgoblins
  3 jackals (D:1)
  3 quokkas
  A ball python (D:4)
  4 frilled lizards
  14 goblins
  9 kobolds
  A quokka skeleton (D:4)
  9 rats
89 creatures vanquished.

Notes
Turn   | Place    | Note
-------+----------+-------------------------------------------
     0 | D:1      | sagitran the Demonspawn Gladiator began the quest for the Orb.
     0 | D:1      | Reached XP level 1. HP: 16/16 MP: 1/1
   412 | D:1      | Gained mutation: You have a pair of small antennae on your head. [demonic ancestry]
   412 | D:1      | Reached XP level 2. HP: 22/22 MP: 2/2
   769 | D:1      | Reached skill level 1 in Unarmed Combat
  1018 | D:2      | Reached XP level 3. HP: 27/27 MP: 3/3
  1143 | D:2      | Noticed Robin
  1418 | D:2      | Killed Robin
  1418 | D:2      | Reached skill level 3 in Long Blades
  1577 | D:2      | Gained mutation: You are partially covered in molten scales. (AC +2) [demonic ancestry]
  1577 | D:2      | Reached XP level 4. HP: 25/33 MP: 4/4
  1743 | D:2      | Noticed Sigmund
  2572 | D:2      | Killed Sigmund
  2572 | D:2      | Reached skill level 1 in Armour
  2572 | D:2      | Reached XP level 5. HP: 18/39 MP: 5/5
  2963 | D:3      | Reached XP level 6. HP: 45/46 MP: 6/6
  2975 | D:3      | Reached skill level 4 in Long Blades
  2975 | D:3      | Reached skill level 1 in Stealth
  3103 | D:3      | Noticed CasualChangeling's ghost (amateur DrAK)
  3126 | D:3      | Killed CasualChangeling's ghost
  3982 | D:4      | Noticed Natasha
  4337 | D:4      | Killed Natasha
  4337 | D:4      | Reached XP level 7. HP: 52/52 MP: 7/7
  4496 | D:4      | Noticed Natasha
  4509 | D:4      | HP: 2/52 [Natasha (5)]
  4513 | D:4      | Killed Natasha
  4657 | D:4      | Noticed Natasha
  4668 | D:4      | Killed Natasha
  5205 | D:4      | Noticed Duvessa
  5206 | D:4      | Noticed Dowan
  5221 | D:4      | Killed Duvessa
  5221 | D:4      | Reached skill level 5 in Long Blades
  5223 | D:4      | HP: 3/78 [poisoned by Duvessa]
  5224 | D:4      | HP: 1/78 [poisoned by Duvessa]
  5225 | D:4      | Succumbed to Duvessa's poison

Vault maps used:
D:1:      giann_forest_graveyard, minmay_hedge_maze
D:2:      first_bread, uniq_sigmund, uniq_robin
D:4:      uniq_natasha, uniq_duvessa, uniq_crazy_yiuf_cottage

Skill      XL: |  1  2  3  4  5  6  7 |
---------------+----------------------+-----
Dodging        | 3 4 |  4.0
Unarmed Combat | 1 2 3 |  3.4
Long Blades    | 3 4 5 |  5.0
Armour         | 1 2 |  2.3
Stealth        | 1 |  1.4
Fighting       | 3 |  3.4
Throwing       | 2 |  2.0
Axes           | |  0.3
Evocations     | |  0.5

Action                   |  1- 3 |  4- 6 |  7- 9 || total
-------------------------+-------+-------+-------++-------
Melee: Long sword        |    93 |   175 |    72 ||   340
       Hand axe          |     6 |       |       ||     6
       Punch             |       |     2 |       ||     2
Throw: Throwing net      |     1 |     3 |     6 ||    10
       Tomahawk          |       |     5 |       ||     5
Evoke: Wand              |       |     6 |       ||     6
  Use: Scroll            |     2 |     1 |     2 ||     5
       Potion            |       |       |     6 ||     6
 Stab: Sleeping          |     1 |     3 |       ||     4
       Held in net/web   |       |       |     1 ||     1
  Eat: Chunk             |     2 |     8 |     1 ||    11
       Fruit             |       |     1 |       ||     1
       Meat ration       |       |       |     1 ||     1
Armor: Leather armour    |    29 |    50 |    11 ||    90
       Skin              |       |       |    10 ||    10
Dodge: Dodged            |    75 |   133 |    45 ||   253
       Rpst.: Long sword |    25 |    41 |    14 ||    80

Table legend:
 A = Spawn XP
 B = Non-spawn XP
 C = Spawn XP percentage of total XP
 D = Spawn monster count
 E = Non-spawn monster count
 F = Spawn count percentage of total count
 G = Total turns spent on level
                    A         B        C        D         E        F      G
               +---------+---------+-------+---------+---------+-------+---------
         Total |       0 |    1149 |   0.0 |       0 |      89 |   0.0 |  5225
               +---------+---------+-------+---------+---------+-------+---------
           D:1 |       0 |      45 |   0.0 |       0 |      23 |   0.0 |  1407
           D:2 |       0 |     307 |   0.0 |       0 |      29 |   0.0 |  1374
           D:3 |       0 |     221 |   0.0 |       0 |      23 |   0.0 |  1248
           D:4 |       0 |     576 |   0.0 |       0 |      14 |   0.0 |  1196
               +---------+---------+-------+---------+---------+-------+---------
